 Dungeon Crawl Stone Soup version 0.31-a0-1074-g0b22e4e0f1 (webtiles) character file.

Game seed: 12901896415560112226

2542 DApurpleWHUMPUS the Thaumaturge (level 9, -1/57 HPs)
             Began as a Human Conjurer on Dec 5, 2023.
             Was a Follower of Sif Muna.
             Slain by a yak (3 damage)
             ... on level 8 of the Dungeon.
             The game lasted 00:21:51 (9259 turns).

DApurpleWHUMPUS the Thaumaturge (Human Conjurer)    Turns: 9259, Time: 00:21:52

Health: -1/57      AC:  3    Str:  8    XL:     9   Next: 85%
Magic:  21/21      EV: 12    Int: 18    God:    Sif Muna [*.....]
Gold:   2649       SH:  0    Dex: 16    Spells: 16/25 levels left

rFire   . . .        b - +3 dagger (pain)
rCold   . . .        (no shield)
rNeg    . . .        a - +0 robe
rPois   .            (no helmet)
rElec   .            C - +0 cloak
rCorr   .            (no gloves)
SInv    .            (no boots)
Will    .....        (no amulet)
Stlth   +            (no ring)
HPRegen 0.29/turn    (no ring)
MPRegen 0.17/turn

%: no passive effects
@: confused, ambrosia-drunk, animating dead
A: no striking features
a: Renounce Religion, Channel Magic


You were on level 8 of the Dungeon.
You worshipped Sif Muna.
Sif Muna was aware of your devotion.
You visited 2 branches of the dungeon, and saw 9 of its levels.

You collected 3435 gold pieces.
You spent 786 gold pieces at shops.

Inventory:

Hand Weapons
 b - a +3 dagger of pain (weapon)
 d - a +0 spear
Missiles
 k - a throwing net
Armour
 a - a +0 robe (worn)
 C - a +0 cloak (worn)
Jewellery
 p - a +6 ring of strength
 A - a ring of see invisible
Talismans
 y - a serpent talisman
Wands
 s - a wand of polymorph (2)
 v - a wand of charming (9)
 z - a wand of iceblast (14)
Scrolls
 e - a scroll of enchant armour
 h - 5 scrolls of identify
 n - a scroll of amnesia
 t - a scroll of immolation
 B - a scroll of enchant weapon
Potions
 c - 3 potions of degeneration {unknown}
 g - 3 potions of curing
 i - a potion of mutation {unknown}
 j - 2 potions of haste {unknown}
 m - a potion of brilliance {unknown}
 o - a potion of heal wounds {unknown}
 u - 2 potions of berserk rage {unknown}
 x - 3 potions of lignification {unknown}


   Skills:
 - Level 2.0 Dodging
 - Level 2.0 Stealth
 * Level 8.8 Spellcasting
 + Level 7.8 Conjurations
 + Level 5.2 Necromancy


You had 16 spell levels left.
You knew the following spells:

 Your Spells              Type           Power      Damage    Failure   Level
a - Magic Dart            Conj           100%       1d8       1%          1
b - Searing Ray           Conj           72%        2d7       1%          2
c - Sublimation of Blood  Necr           26%        N/A       1%          2
d - Animate Dead          Necr           26%        N/A       11%         4

Your spell library contained the following spells:

 Spells                   Type           Power      Damage    Failure   Level
 Dazzling Flash           Conj/Hex       44%        N/A       5%          3
 Lesser Beckoning         Tloc           14%        N/A       14%         2
 Wereblood                Tmut           7%         N/A       14%         2
 Fulminant Prism          Conj/Hex       11%        3d9       19%         4
 Iskenderun's Mystic Bla  Conj/Tloc      22%        2d6       19%         4
 Gell's Gravitas          Tloc           7%         N/A       26%         3
 Teleport Other           Tloc           7%         N/A       26%         3
 Volatile Blastmotes      Fire/Tloc      14%        2d11      26%         3
 Irradiate                Conj/Tmut      11%        3d15      45%         5
 Borgnjor's Vile Clutch   Necr/Erth      8%         N/A       65%         5
 Death Channel            Necr           13%        N/A       85%         6
 Starburst                Conj/Fire      11%        6d5       95%         6
 Summon Hydra             Summ           3%         N/A       100%        7
 Maxwell's Capacitive Co  Air            3%         ∞         100%        8


Dungeon Overview and Level Annotations

Branches:
Dungeon (8/15)             Temple (1/1) D:4
   Lair: D:8-11

Altars:
Dithmenos
Elyvilon
Fedhas
Hepliaklqana
Makhleb
Nemelex Xobeh
Okawaru
Qazlal
Ru
Sif Muna
Trog
Vehumet
Wu Jian
Yredelemnul
The Shining One

Shops:
D:2 ?

Annotations:
D:3 3 runed translucent doors, Moreman's ghost, amateur DrSh
D:7 Maurice; Pikel; Prince Ribbit


Message History

The killer bee is almost dead.
The searing ray hits the yak.
The yak is lightly wounded. (Press . to maintain the ray.)
You feel very sick.
The killer bee stings you but does no damage.
Unknown command.
You feel very sick. The yak attacks as it pursues you!
The yak barely misses you.
You feel sick. The yak attacks as it pursues you! The yak gores you!
* * * LOW HITPOINT WARNING * * *
You feel sick.
Casting: Searing Ray (safe; 1% risk of failure)
Confirm with . or Enter, or press ? or * to list all spells.
Aiming: Searing Ray (safe; 1% risk of failure)
Press: ? - help, Shift-Dir - straight line, p - yak
Okay, then.
Okay, then.
It was a potion of curing.
You feel better. The yak gores you!
* * * LOW HITPOINT WARNING * * *
It was a potion of ambrosia.
You are confused.
You feel invigorated. The killer bee closely misses you. The yak gores you.
* * * LOW HITPOINT WARNING * * *
The killer bee barely misses you.
You're too confused to cast spells.
You closely miss the yak.
The yak is lightly wounded.
The killer bee barely misses you. The yak gores you!
* * * LOW HITPOINT WARNING * * *
The killer bee completely misses you.
You bump into the rock wall.
The killer bee stings you but does no damage.
The yak gores you!
* * * LOW HITPOINT WARNING * * *
The killer bee closely misses you.
You bump into the rock wall.
The killer bee stings you!
* * * LOW HITPOINT WARNING * * *
The yak gores you.
You die...

.....##.##......##..
..
........##..........
.#
...................
..
....................
.. ..
#.....#..<....... .#
...#......#.........
#
....................
..##...###y........
##..YY@.........
#..######.#...# #..#
.#...# #... .. ...
##/. #... ##.# ..


You could see 2 yaks and a killer bee.

Vanquished Creatures
  Grinder (D:3)
  4 water moccasins
  An ice beast (D:5)
  2 black bears (D:6)
  4 ogres
  A centaur (D:6)
  A kobold brigand (D:7)
  2 bullfrogs
  5 scorpions
  3 howler monkeys (D:7)
  4 hounds
  A jelly (D:6)
  Ijyb (D:4)
  A sleepcap (D:6)
  Jessica (D:3)
  Natasha (thrice) (D:3)
  3 iguanas
  2 orc wizards
  Robin (D:2)
  7 adders
  4 gnolls (D:5)
  A white imp (D:6)
  A worm (D:4)
  A dart slug (D:1)
  11 orcs
  4 bats
  6 endoplasms
  14 goblins
  9 hobgoblins
  11 kobolds
  3 quokkas
  5 ball pythons
  9 frilled lizards
  6 rats (D:1)
133 creatures vanquished.

Notes
Turn   | Place    | Note
-------+----------+-------------------------------------------
     0 | D:1      | DApurpleWHUMPUS the Human Conjurer began the quest for the
                  | Orb.
     0 | D:1      | Reached XP level 1. HP: 13/13 MP: 3/3
   186 | D:1      | Reached XP level 2. HP: 19/19 MP: 5/5
   732 | D:1      | Reached XP level 3. HP: 24/24 MP: 4/6
  1043 | D:1      | Learned a level 2 spell: Searing Ray
  1046 | D:1      | Learned a level 2 spell: Sublimation of Blood
  1384 | D:2      | Reached XP level 4. HP: 30/30 MP: 3/8
  1566 | D:2      | Reached skill level 3 in Spellcasting
  1587 | D:2      | Noticed Robin
  1591 | D:2      | Killed Robin
  1592 | D:2      | Reached skill level 1 in Necromancy
  1775 | D:2      | Identified a scroll of acquirement
  1775 | D:2      | Acquired 970 gold pieces
  1783 | D:2      | Found Ryfrueko's Magic Scroll Shop.
  1790 | D:2      | Bought a scroll of identify for 24 gold pieces
  1790 | D:2      | Bought a scroll of blinking for 90 gold pieces
  1790 | D:2      | Bought a scroll of acquirement for 624 gold pieces
  1790 | D:2      | Acquired 1096 gold pieces
  1796 | D:2      | Bought a scroll of amnesia for 48 gold pieces
  2312 | D:3      | Found a runed translucent gate.
  2312 | D:3      | Found a runed translucent gate.
  2312 | D:3      | Found a runed translucent gate.
  2312 | D:3      | Noticed Moreman's ghost (amateur DrSh)
  2563 | D:3      | Reached XP level 5. HP: 29/35 MP: 2/10
  2699 | D:3      | Acquired 944 gold pieces
  2927 | D:3      | Found a faded altar of an unknown god.
  2968 | D:3      | Noticed Natasha
  2974 | D:3      | Killed Natasha
  3151 | D:3      | Noticed Jessica
  3153 | D:3      | Killed Jessica
  3154 | D:3      | Reached skill level 5 in Conjurations
  3174 | D:3      | Noticed Natasha
  3181 | D:3      | Killed Natasha
  3182 | D:3      | Reached skill level 4 in Spellcasting
  3182 | D:3      | Reached XP level 6. HP: 41/41 MP: 1/12
  3257 | D:3      | Noticed Grinder
  3264 | D:3      | Killed Grinder
  3265 | D:3      | Reached XP level 7. HP: 36/46 MP: 3/14
  3477 | D:3      | Found a sacrificial altar of Ru.
  3664 | D:3      | Noticed Natasha
  3670 | D:3      | Killed Natasha
  3848 | D:4      | Noticed Ijyb
  3856 | D:4      | Killed Ijyb
  3977 | D:4      | You fall into a shaft and drop 1 floor!
  3977 | D:5      | Entered Level 5 of the Dungeon
  3987 | D:5      | Reached skill level 5 in Spellcasting
  4044 | D:5      | Noticed a water moccasin
  4062 | D:5      | Killed a water moccasin
  4390 | D:4      | Reached XP level 8. HP: 52/52 MP: 4/16
  4832 | D:4      | Found a staircase to the Ecumenical Temple.
  4848 | Temple   | Entered the Ecumenical Temple
  4867 | Temple   | Became a worshipper of Sif Muna the Loreminder
  4943 | D:4      | Found a stormy altar of Qazlal.
  5361 | D:5      | Reached skill level 6 in Spellcasting
  5818 | D:5      | Found a basalt altar of Yredelemnul.
  6084 | D:5      | Reached skill level 7 in Spellcasting
  6873 | D:6      | Learned a level 4 spell: Animate Dead
  7016 | D:6      | Reached XP level 9. HP: 23/55 MP: 4/20
  7464 | D:6      | Reached * piety under Sif Muna
  7467 | D:6      | Reached skill level 8 in Spellcasting
  8271 | D:7      | Reached skill level 5 in Necromancy
  8382 | D:7      | Noticed Prince Ribbit
  8393 | D:7      | Noticed Maurice
  8699 | D:7      | Noticed Pikel
  8898 | D:7      | Found a burning altar of Makhleb.
  9090 | D:8      | Noticed a two-headed ogre
  9259 | D:8      | HP: 2/57 [killer bee (7)]
  9259 | D:8      | Slain by a yak

Illustrated notes

Levels and vault maps discovered:
D:1:      lightli_arrival_lavapool, layout_basic, chequers_hall_statues_wall_a
D:2:      layout_basic, serial_shops, shop, uniq_robin
D:3:      layout_loops_corners, marbit_many_paths, gammafunk_ghost_necromancy,
          ebering_ecumenical_altar_box, uniq_natasha, uniq_grinder, uniq_jessica
D:4:      layout_basic, nicolae_overflow_crystal_walls,
          minmay_temple_entry_waves, kennysheep_generic_room_3, uniq_ijyb
D:5:      layout_basic, mainiacjoe_overflow_six_doors_small
D:6:      layout_loops_cross
D:7:      layout_loops_ring, lightli_temple_of_fire,
          amcnicky_mini_corridor_feature, minivault_1, uniq_pikel, uniq_maurice,
          uniq_prince_ribbit1
D:8:      layout_rooms, grunt_temple_overflow_order_and_chaos_1
Temple:   bh_familiar_temple

Skill      XL: |  1  2  3  4  5  6  7  8  9 |
---------------+----------------------------+-----
Spellcasting   | 3 4 5 7 8 |  8.8
Necromancy     | 1 2 3 5 |  5.2
Conjurations   | 5 6 7 |  7.8
Dodging        | |  2.0
Stealth        | |  2.0

Action                     |  1- 3 |  4- 6 |  7- 9 || total
---------------------------+-------+-------+-------++-------
  Melee: Spear             |    29 |       |       ||    29
         Dagger            |       |     5 |    21 ||    26
         Punch             |       |       |     1 ||     1
   Cast: Magic Dart        |    43 |    33 |    93 ||   169
         Searing Ray       |       |    12 |    51 ||    63
         Sublimation of Bl |       |       |    12 ||    12
         Animate Dead      |       |       |     4 ||     4
    Use: Scroll            |       |     5 |     6 ||    11
         Potion            |       |     1 |     2 ||     3
   Stab: Sleeping          |     3 |       |       ||     3
 Armour: Robe              |    10 |    23 |    74 ||   107
  Dodge: Dodged            |    17 |    13 |    73 ||   103

Table legend: (Time is in decaauts)
 A = Elapsed time spent in this place.
 B = Non-inter-level travel time spent in this place.
 C = Inter-level travel time spent in this place.
 D = Time resting spent in this place.
 E = Time spent auto-exploring this place.
 F = Levels seen in this place.
 G = Mean time per level.
                   A        B        C        D        E       F      G
               +--------+--------+--------+--------+--------+-----+--------+
         Total |   9285 |   8404 |    881 |   2020 |   5446 |   9 | 1031.7 |
       Dungeon |   9247 |   8400 |    847 |   2020 |   5446 |   8 | 1155.9 |
        Temple |     38 |      4 |     34 |      0 |      0 |   1 |   38.0 |
               +--------+--------+--------+--------+--------+-----+--------+

Top non-repeatable levels by time:
     D:6: 1890 daAuts
     D:3: 1695 daAuts
     D:5: 1501 daAuts
     D:2: 1221 daAuts
     D:1: 1087 daAuts
     D:4: 1065 daAuts
     D:7: 765 daAuts
  Temple: 38 daAuts
     D:8: 19 daAuts
